 Dungeon Crawl Stone Soup version 0.31.0-11-ge490571c62 (webtiles) character file.

Game seed: 15119743752724474199

4899 Eitelfritz the Carver (level 10, -19/79 HPs)
             Began as a Merfolk Gladiator on Feb 10, 2024.
             Was a Follower of Dithmenos.
             Hit by a large rock thrown by a cyclops (24 damage)
             ... on level 11 of the Dungeon.
             The game lasted 00:19:22 (7112 turns).

Eitelfritz the Carver (Merfolk Gladiator)           Turns: 7112, Time: 00:19:23

Health: -19/79     AC:  0    Str: 20    XL:     10   Next: 51%
Magic:  10/10      EV: 18    Int:  8    God:    Dithmenos [*.....]
Gold:   495        SH:  0    Dex: 20    Spells: 7/9 levels left

rFire   + . .        a - +0 demon blade (flame)
rCold   . . .        (no shield)
rNeg    . . .        t - +0 troll leather armour {Pargi}
rPois   +            c - +2 helmet
rElec   .            f - +1 cloak
rCorr   .            g - +2 pair of gloves
SInv    +            (no boots)
Will    .....        (no amulet)
Stlth   ++++         A - +6 ring of strength
HPRegen 1.13/turn    O - ring of Quj Laur {rPois rF+ SInv Stlth+}
MPRegen 0.12/turn

%: no passive effects
@: corroded, wreathed by umbra, studying Necromancy
A: (nimble swimmer 2), mertail
a: Renounce Religion


You were on level 11 of the Dungeon.
You worshipped Dithmenos.
Dithmenos was aware of your devotion.
You visited 2 branches of the dungeon, and saw 11 of its levels.

You collected 1635 gold pieces.
You spent 1140 gold pieces at shops.

Inventory:

Hand Weapons
 a - a +0 demon blade of flaming (weapon)
 y - a +1 scimitar of protection
 M - a +0 heavy scimitar
Missiles
 b - 12 poisoned darts
 d - 5 throwing nets (quivered)
 e - a javelin
 q - 5 curare-tipped darts
Armour
 c - a +2 helmet (worn)
 f - a +1 cloak (worn)
 g - a +2 pair of gloves (worn)
 o - a +3 leather armour
 t - a +0 troll leather armour (worn) {Pargi}
Jewellery
 s - a ring of ice
 z - a ring of magical power
 A - a +6 ring of strength (left hand)
 J - a ring of fire
 O - the ring of Quj Laur (right hand) {rPois rF+ SInv Stlth+}
   (You acquired it on level 8 of the Dungeon)

   [ring of see invisible]

   rF+:       It protects you from fire.
   rPois:     It protects you from poison SInv: It lets you see invisible.
   Stlth+:    It makes you more stealthy.
Wands
 p - a wand of charming (8)
 r - a wand of flame (25)
 x - a wand of polymorph (19)
Scrolls
 l - a scroll of torment
 u - 3 scrolls of teleportation
 v - a scroll of enchant armour
 w - 5 scrolls of fear
 B - 2 scrolls of revelation
 C - 3 scrolls of blinking
 L - a scroll of vulnerability
 N - 2 scrolls of immolation {unknown}
Potions
 h - 2 potions of lignification
 i - a potion of heal wounds
 j - 2 potions of mutation
 k - 2 potions of curing
 m - 2 potions of enlightenment
 n - a potion of attraction
 D - a potion of invisibility
 G - a potion of brilliance
 H - a potion of might
 I - a potion of magic


   Skills:
 + Level 7.3 Fighting
 + Level 12.9 Long Blades
 + Level 2.0 Throwing
 + Level 3.5 Armour
 + Level 9.6 Dodging
 + Level 3.6 Stealth
 + Level 0.2 Hexes


You had 7 spell levels left.
You knew the following spells:

 Your Spells              Type           Power      Damage    Failure   Level
a - Slow                  Hex            0%         N/A       43%         1
b - Necrotise             Necr           0%         1d4       45%         1

Your spell library contained the following spells:

 Spells                   Type           Power      Damage    Failure   Level
 Apportation              Tloc           0%         N/A       45%         1
 Kiss of Death            Conj/Necr      0%         2d5       45%         1
 Sting                    Conj/Alch      0%         1d3       45%         1
 Summon Small Mammal      Summ           0%         N/A       45%         1
 Confusing Touch          Hex            0%         N/A       80%         3
 Sigil of Binding         Hex            0%         N/A       80%         3
 Inner Flame              Hex/Fire       0%         N/A       82%         3
 Vampiric Draining        Necr           0%         2d6       83%         3
 Dispel Undead            Necr           0%         3d6       99%         4
 Flame Wave               Conj/Fire      0%         2d4       99%         4
 Sticky Flame             Fire/Alch      0%         2d4       99%         4


Dungeon Overview and Level Annotations

Branches:
Dungeon (9/15)             Temple (1/1) D:6            Lair (0/5) D:8
    Orc: D:9-12

Altars:
Cheibriados
Dithmenos
Elyvilon
Fedhas
Gozag
Hepliaklqana
Kikubaaqudgha
Makhleb
Nemelex Xobeh
Okawaru
Qazlal
Ru
Trog
Uskayaw
Vehumet
Wu Jian
Xom
Yredelemnul
The Shining One

Shops:
D:6 :

Annotations:
D:4 2 transporters
D:8 2 transporters


Innate Abilities, Weirdness & Mutations

((You are very nimble when in or above water. (Stealth+, EV+, Speed+++)))
Your lower body shifts to a powerful aquatic tail in water.


Message History

A cyclops comes into view.
There is an open door here.
You hit the acid dragon. You burn the acid dragon.
The acid dragon is moderately wounded.
The cyclops throws a large rock.
The large rock closely misses you.
You hit the acid dragon. You burn the acid dragon.
The acid dragon is heavily wounded.
The acid dragon bites you. The acid dragon closely misses you.
You hit the acid dragon but do no damage.
The acid dragon is heavily wounded.
The acid dragon bites you.
* * * LOW HITPOINT WARNING * * *
The acid dragon closely misses you.
You hit the acid dragon. You burn the acid dragon.
The acid dragon is heavily wounded.
You hit the acid dragon but do no damage.
The acid dragon is heavily wounded.
The acid dragon bites you.
* * * LOW HITPOINT WARNING * * *
The acid dragon barely misses you.
You closely miss the acid dragon.
The acid dragon is heavily wounded.
The tengu conjurer shouts!
You hit the acid dragon but do no damage.
The acid dragon is heavily wounded.
The acid dragon misses you. The acid dragon completely misses you.
You completely miss the acid dragon.
The acid dragon is heavily wounded.
The acid dragon bites you but does no damage.
The acid dragon misses you.
You hit the acid dragon but do no damage.
The acid dragon is heavily wounded.
You barely miss the acid dragon.
The acid dragon is heavily wounded.
The acid dragon spits acid at you. The splash of acid hits you!!
* * * LOW HITPOINT WARNING * * *
The acid corrodes you!
The cyclops throws a large rock.
The large rock hits you!!
You die...

$.. .... ###..# ######+###
#####...# ###
.........####.......# #...
.........'.##)......# #....
.........#..#...C...##.....
.........##.'.......#..≈...
.........####@D.......≈≈...
.........# #..........[Q..
.........# #.....B........
#####+#### ##+####Q.......
#≈......# #♣≈.....# ......#
......# .......


You could see a boulder beetle, a cyclops, a tengu conjurer and an acid dragon.

Vanquished Creatures
  A two-headed ogre (D:9)
  Pikel (D:5)
  A gargoyle (D:11)
  An unseen horror (D:8)
  A komodo dragon (D:8)
  A hornet (D:9)
  3 wyverns
  A wraith (D:6)
  A water moccasin (D:7)
  An orc warrior (D:9)
  3 sky beasts
  Pargi (D:4)
  3 centaurs (D:8)
  An ogre (D:6)
  3 lemures
  Blork the orc (D:4)
  4 bullfrogs
  5 wights (D:7)
  6 hounds
  4 orc priests
  2 jellies
  4 iguanas
  3 orc wizards
  5 adders
  7 gnolls (D:5)
  A white imp (D:5)
  2 ufetubi (D:6)
  2 ribbon worms
  2 dart slugs
  37 orcs
  6 bats
  11 endoplasms
  4 giant cockroaches
  7 goblins
  9 hobgoblins
  2 jackals (D:3)
  5 kobolds
  A quokka (D:3)
  5 ball pythons
  6 frilled lizards
  5 rats
169 creatures vanquished.

Vanquished Creatures (others)
  An ugly thing (D:8)
1 creature vanquished.

Grand Total: 170 creatures vanquished

Notes
Turn   | Place    | Note
-------+----------+-------------------------------------------
     0 | D:1      | Eitelfritz the Merfolk Gladiator began the quest for the
                  | Orb.
     0 | D:1      | Reached XP level 1. HP: 16/16 MP: 1/1
    44 | D:1      | Reached skill level 4 in Long Blades
    53 | D:1      | Reached XP level 2. HP: 22/22 MP: 2/2
   332 | D:1      | Reached XP level 3. HP: 5/27 MP: 3/3
  1171 | D:2      | Reached skill level 5 in Long Blades
  1202 | D:2      | Reached XP level 4. HP: 34/34 MP: 4/4
  1620 | D:3      | Reached XP level 5. HP: 38/39 MP: 5/5
  2354 | D:3      | Learned a level 1 spell: Slow
  2419 | D:4      | Found a transporter.
  2427 | D:3      | Reached skill level 5 in Dodging
  2472 | D:4      | Reached skill level 6 in Long Blades
  2478 | D:4      | Found an iron altar of Okawaru.
  2904 | D:4      | Found a hide-covered altar of Uskayaw.
  2918 | D:4      | Reached XP level 6. HP: 46/47 MP: 6/6
  2947 | D:4      | Found an ornate altar of the Wu Jian Council.
  3068 | D:4      | Found a transporter.
  3080 | D:4      | Found Zuasch's Magic Scroll Shoppe.
  3083 | D:4      | Noticed Pargi
  3106 | D:4      | Killed Pargi
  3131 | D:4      | Bought a scroll of teleportation for 30 gold pieces
  3131 | D:4      | Bought 2 scrolls of brand weapon for 190 gold pieces
  3131 | D:4      | Bought a scroll of fear for 40 gold pieces
  3200 | D:4      | Noticed Blork the orc
  3209 | D:4      | Killed Blork the orc
  3210 | D:4      | Reached skill level 7 in Long Blades
  3210 | D:4      | Reached skill level 1 in Armour
  3210 | D:4      | Reached skill level 1 in Stealth
  3327 | D:5      | Entered Level 5 of the Dungeon
  3363 | D:5      | Identified the +1 quarterstaff of Loamp {pain, Dex+3}
  3379 | D:5      | Reached XP level 7. HP: 52/52 MP: 7/7
  3528 | D:5      | Reached skill level 8 in Long Blades
  3541 | D:5      | Noticed Pikel
  3570 | D:5      | Killed Pikel
  3571 | D:5      | Reached skill level 9 in Long Blades
  3571 | D:5      | Reached XP level 8. HP: 55/60 MP: 8/8
  3911 | D:5      | Found a basalt altar of Yredelemnul.
  4408 | D:6      | Reached skill level 10 in Long Blades
  4433 | D:6      | Noticed a wraith
  4447 | D:6      | Killed a wraith
  4448 | D:6      | Found Nenese's Book Shoppe.
  4492 | D:6      | Found a burning altar of Makhleb.
  4616 | D:6      | Found a staircase to the Ecumenical Temple.
  4628 | Temple   | Entered the Ecumenical Temple
  4831 | Temple   | Became a worshipper of Dithmenos the Shadowed
  4881 | D:7      | Reached skill level 5 in Fighting
  4881 | D:7      | Reached XP level 9. HP: 65/68 MP: 9/9
  4907 | D:7      | Found a blossoming altar of Fedhas.
  5019 | D:7      | Reached skill level 11 in Long Blades
  5545 | D:7      | Identified 2 scrolls of acquirement
  5545 | D:7      | Acquired 1042 gold pieces
  5635 | D:4      | Bought a scroll of teleportation for 30 gold pieces
  5635 | D:4      | Bought a scroll of acquirement for 520 gold pieces
  5635 | D:4      | Bought 3 scrolls of fear for 120 gold pieces
  5635 | D:4      | Bought a scroll of torment for 95 gold pieces
  5635 | D:4      | Bought a scroll of blinking for 75 gold pieces
  5635 | D:4      | Bought a scroll of identify for 20 gold pieces
  5635 | D:4      | Bought a scroll of identify for 20 gold pieces
  5974 | D:8      | Killed an unseen horror
  6140 | D:8      | Found a transporter.
  6140 | D:8      | Noticed a tengu conjurer
  6140 | D:8      | Noticed a death knight
  6144 | D:8      | Noticed a cyan ugly thing
  6144 | D:8      | Noticed a tengu warrior
  6145 | D:8      | Noticed an efreet
  6154 | D:8      | Killed a cyan ugly thing
  6155 | D:8      | Found a transporter.
  6567 | D:8      | Noticed a komodo dragon
  6579 | D:8      | Killed a komodo dragon
  6580 | D:8      | Reached skill level 12 in Long Blades
  6602 | D:8      | Reached XP level 10. HP: 77/77 MP: 10/10
  6608 | D:8      | Reached * piety under Dithmenos
  6792 | D:8      | Found a staircase to the Lair.
  6799 | D:8      | Learned a level 1 spell: Necrotise
  6821 | D:8      | Acquired the ring of Quj Laur {rPois rF+ SInv Stlth+}
  6941 | D:9      | Noticed a two-headed ogre
  6963 | D:9      | Killed a two-headed ogre
  7039 | D:9      | Acquired a +0 demon blade of flaming
  7068 | D:9      | You fall into a shaft and drop 2 floors!
  7076 | D:11     | Noticed a gargoyle
  7077 | D:11     | Noticed a boulder beetle
  7083 | D:11     | Killed a gargoyle
  7101 | D:11     | Noticed a cyclops
  7112 | D:11     | Hit by a large rock thrown by a cyclops

Illustrated notes

Levels and vault maps discovered:
D:1:      reono_arrival_forest_river, layout_loops_ring
D:2:      layout_loops_ring
D:3:      layout_basic, chequers_serial_rivers_large_b, dk_noncrumbling_3
D:4:      gammafunk_steamed_eel, layout_basic, old_standard_altar,
          okawaru_gym_becter, pdpol_wu_jian_five_deadly_venoms, serial_shops,
          shop_coins, minmay_strange_pillars, uniq_pargi, uniq_blork_the_orc
D:5:      layout_basic, general_overflow_altar, uniq_pikel
D:6:      layout_rooms, makhleb_heckhound_becter,
          minmay_temple_entry_antechambers, serial_shops, shop
D:7:      layout_basic, fedhas_altar_3
D:8:      gammafunk_sealed_arena, layout_loops_corners, lair_entry_dummy,
          minmay_manual_mares
D:9:      layout_rooms, enter_bailey_5, billiards_dpeg
D:11:     layout_roguey, gammafunk_ghost_wrathful_warriors,
          kennysheep_decorative_pillar, kennysheep_small_square, uniq_grum
Temple:   hellmonk_temple_forest_ring

Skill      XL: |  1  2  3  4  5  6  7  8  9 10 |
---------------+-------------------------------+-----
Long Blades    | 4 5 6 7 9 10 12 | 12.9
Dodging        | 5 6 7 8 9 |  9.6
Fighting       | 3 4 5 6 7 |  7.3
Armour         | 1 2 3 |  3.5
Stealth        | 1 2 3 |  3.6
Throwing       | |  2.0
Hexes          | |  0.2

Action                     |  1- 3 |  4- 6 |  7- 9 | 10-12 || total
---------------------------+-------+-------+-------+-------++-------
  Melee: Long sword        |    99 |   117 |       |       ||   216
         Punch             |       |     3 |    12 |       ||    15
         Scimitar          |       |    18 |   340 |    58 ||   416
         Demon blade       |       |       |       |    15 ||    15
   Cast: Slow              |       |     1 |       |       ||     1
    Use: Scroll            |       |    12 |     8 |     6 ||    26
         Potion            |       |       |     1 |       ||     1
   Stab: Sleeping          |     1 |     3 |     4 |     1 ||     9
 Armour: Leather armour    |    55 |    73 |       |       ||   128
         Troll leather arm |       |    10 |   241 |    32 ||   283
  Dodge: Dodged            |    92 |   117 |   228 |    55 ||   492
